AoeStats
← De1moS

Arabian Desert

513637633Analyzed
1v1 RM · 2d ago on Oct 14, 2026· 65m 2s· 2 players
Game mode
Random Map
Map size
Tiny (2 player)
Population
200
Speed
Normal
Resources
Standard
Victory
Conquest
Starting age
Dark Age
Ending age
Imperial Age
RankedLock teamsTeams togetherTeam positionsShared explorationLock speedFull tech treeHidden civsTurbo modeCheats
Victory
Defeat
🇮🇳 Varangians · India
1149
+15
vs
🇩🇪 Armenians · Germany
1132
-15
Ph1l
9:24 Feudal Age
10:38 Man-at-Arms
11:30 Forging
12:48 Arson
15:02 Double-Bit Axe
15:36 Loom
17:56 Horse Collar
21:05 Wheelbarrow
20:22 Long Swordsman
21:28 Scale Mail Armor
23:53 Fletching
24:03 Padded Archer Armor
25:28 Gold Mining
28:31 Castle Age
29:05 Two-Handed Swordsman
30:22 Iron Casting
29:59 Squires
31:30 Chain Mail Armor
32:16 Gambesons
34:38 Hand Cart
35:25 Bow Saw
35:19 Heavy Plow
35:49 Stone Mining
36:40 Leather Archer Armor
36:21 Bodkin Arrow
38:25 Gold Shaft Mining
39:26 Elite Skirmisher
41:33 Ballistics
43:00 Champion
49:15 Imperial Age
50:01 Fereters
50:33 Plate Mail Armor
51:45 Blast Furnace
51:50 Bracer
52:20 Ring Archer Armor
52:58 Chemistry
56:52 Crossbowman
57:46 Arbalester
63:20 Conscription
De1moS
6:28 Loom
9:25 Feudal Age
19:54 Double-Bit Axe
21:39 Bloodlines
21:44 Forging
21:46 Horse Collar
22:24 Fletching
26:09 Castle Age
26:26 Gold Mining
27:27 Wheelbarrow
27:11 Scale Barding Armor
27:18 Town Watch
29:28 Chain Barding Armor
30:26 Husbandry
32:29 Bodkin Arrow
37:15 Hand Cart
39:21 Ballistics
39:47 Elite Skirmisher
44:44 Imperial Age
44:46 Iron Casting
45:27 Devotion
45:30 Stone Mining
46:09 Bow Saw
46:04 Heavy Plow
46:38 Conscription
47:01 Plate Barding Armor
45:54 Elite Jarl
47:52 Blast Furnace
46:53 Bracer
48:06 Chemistry
47:12 Siege Engineers
47:18 Cavalier
47:20 Vendel Legacy
48:58 Stone Shaft Mining
49:06 Padded Archer Armor
59:29 Town Patrol
60:38 Gothikon
Connection lost

Rejoining the realm…

Still unreachable

The connection could not be restored.

Session expired

The server has moved on; the page needs a fresh start.